 Dungeon Crawl Stone Soup version 0.19.1 (webtiles) character file.

231 Blackhawk the Poker (level 5, -1/69 HPs)
             Began as a Draconian Berserker on Mar 3, 2017.
             Was a Priest of Trog.
             Succumbed to a gnoll shaman's poison
             ... on level 5 of the Dungeon on Mar 6, 2017.
             The game lasted 00:08:33 (3882 turns).

Blackhawk the Poker (Draconian Berserker)           Turns: 3882, Time: 00:08:33

Health: -1/69      AC:  6    Str: 25    XL:     5   Next: 72%
Magic:  5/5        EV: 13    Int:  8    God:    Trog [***...]
Gold:   157        SH:  0    Dex: 10    Spells: 0 memorised, 4 levels left

rFire  . . .     SeeInvis .     r - +3 quarterstaff (chaos)
rCold  . . .     Gourm    .     (armour unavailable)
rNeg   . . .     Faith    .     (shield currently unavailable)
rPois  .         Spirit   .     (helmet restricted)
rElec  .         Reflect  .     j - +0 cloak
rCorr  .         Harm     .     (no gloves)
MR     .....                    (no boots)
Stlth  ..........               (no amulet)
                                (no ring)
                                (no ring)

@: berserking, lethally poisoned (-1 -> -19), very quick
A: unfitting armour, cold-blooded, AC +5
a: Berserk, Trog's Hand, Burn Spellbooks, Renounce Religion


You were on level 5 of the Dungeon.
You worshipped Trog.
Trog was most pleased with you.
You were not hungry.

You visited 1 branch of the dungeon, and saw 5 of its levels.

You collected 157 gold pieces.

Inventory:

Hand Weapons
 a - a +0 spear
 r - a +3 quarterstaff of chaos (weapon)
Armour
 g - a +0 ring mail of magic resistance
 j - a +0 cloak (worn)
Jewellery
 d - an uncursed amulet of rage {unknown}
 f - an uncursed ring of flight {unknown}
 m - an uncursed ring of fire {unknown}
 s - an uncursed ring of ice {unknown}
 y - a +5 ring of intelligence {unknown}
Wands
 p - a wand of flame (23/48)
 v - a wand of paralysis (17/24)
 z - a wand of lightning (7/15)
Scrolls
 i - a scroll of noise {unknown}
 k - a scroll of magic mapping {unknown}
 l - 5 scrolls of identify {unknown}
 o - 3 scrolls of amnesia {unknown}
 q - a scroll of recharging {unknown}
 t - a scroll of teleportation {unknown}
Potions
 e - 4 potions of curing {unknown}
 h - 2 potions of magic {unknown}
 n - 3 potions of cure mutation {unknown}
 u - a potion of heal wounds {unknown}
 w - a potion of flight {unknown}
 x - 2 potions of brilliance {unknown}
Comestibles
 b - 3 bread rations
 c - 2 meat rations


   Skills:
 + Level 4.1 Fighting
 - Level 4.1(4.4) Polearms
 * Level 2.5(3.7) Staves
 * Level 4.0 Dodging


You had 4 spell levels left.
You didn't know any spells.

Dungeon Overview and Level Annotations

Branches:
Dungeon (5/15)
 Temple: D:4-7

Altars:
Dithmenos
Elyvilon
Gozag
Makhleb
Okawaru
Ru
Xom


Innate Abilities, Weirdness & Mutations

Your plain brown scales are hard. (AC +5)
You cannot fit into any form of body armour.
You are cold-blooded and may be slowed by cold attacks.


Message History

You sock the gnoll! You burn the gnoll.
You kill the gnoll!
Trog accepts your kill.
The gnoll shaman hits you with a whip of venom!
You are poisoned.
The gnoll hits you with a club!
The gnoll shaman hits you with a whip of venom.
You closely miss the gnoll shaman.
The gnoll shaman is lightly wounded.
You feel sick. The gnoll closely misses you.
The gnoll hits you from afar with a spear.
The gnoll hits you with a club!
* * * LOW HITPOINT WARNING * * *
The gnoll shaman hits you with a whip of venom.
* * * LOW HITPOINT WARNING * * *
You are more poisoned.
You are too injured to fight recklessly!
A red film seems to cover your vision as you go berserk!
You feel yourself moving faster!
You feel mighty!
You feel a lot more hungry.
You die...

....#.......#...#....##...##....#
....#.......#...#.....#...##....#
....#.......#...#.....#...#######
....#.......#...'.....#....#
#####.......################
........................
........................
........................
................@g......
................g)g.....
#####'###.....#+###.....
........#.....+ ....
........#.....# ...
........#.....# ..
........#.....# . ........#.....#
........#.....#


You could see a gnoll shaman and 2 gnolls.

Vanquished Creatures
  A bullfrog zombie (D:5)
  Crazy Yiuf (D:2)
  Ijyb (D:3)
  A worker ant (D:5)
  A gnoll (D:5)
  4 adders
  A dart slug (D:1)
  3 leopard geckos
  4 orcs (D:5)
  5 bats
  2 giant cockroaches
  7 goblins
  7 hobgoblins
  17 kobolds
  A quokka (D:2)
  A ball python (D:3)
  3 frilled lizards
  A jackal zombie (D:5)
  7 rats
68 creatures vanquished.

Vanquished Creatures (others)
  A goblin (D:1)
1 creature vanquished.

Grand Total: 69 creatures vanquished

Notes
Turn   | Place    | Note
-------+----------+-------------------------------------------
     0 | D:1      | Blackhawk the Draconian Berserker began the quest for the Orb.
     0 | D:1      | Reached XP level 1. HP: 19/19 MP: 1/1
   378 | D:1      | Reached XP level 2. HP: 26/26 MP: 2/2
   859 | D:1      | Reached XP level 3. HP: 31/31 MP: 3/3
   929 | D:2      | Reached ** piety under Trog
  1997 | D:2      | Found a runed door.
  2193 | D:2      | Noticed Crazy Yiuf
  2207 | D:2      | Killed Crazy Yiuf
  2207 | D:2      | Reached XP level 4. HP: 25/40 MP: 4/4
  2498 | D:3      | Noticed Ijyb
  2505 | D:3      | Killed Ijyb
  2901 | D:3      | Found a shadowy altar of Dithmenos.
  2912 | D:3      | Found a shimmering altar of Xom.
  2935 | D:3      | Found an opulent altar of Gozag.
  2969 | D:3      | Found a sacrificial altar of Ru.
  3043 | D:3      | Reached XP level 5. HP: 45/46 MP: 5/5
  3269 | D:5      | Entered Level 5 of the Dungeon
  3312 | D:5      | Reached skill level 1 in Staves
  3374 | D:5      | Found a white marble altar of Elyvilon.
  3374 | D:5      | Found a burning altar of Makhleb.
  3374 | D:5      | Found an iron altar of Okawaru.
  3880 | D:5      | Reached *** piety under Trog
  3881 | D:5      | HP: 1/46 [gnoll shaman/whip of venom (4)]
  3882 | D:5      | Succumbed to a gnoll shaman's poison

Skill      XL: |  1  2  3  4  5 |
---------------+----------------+-----
Dodging        | 3 4 |  4.0
Fighting       | 4 |  4.1
Polearms       | 4 |  4.1
Staves         | 2 |  2.5

Action                   |  1- 3 |  4- 6 || total
-------------------------+-------+-------++-------
Melee: Spear             |   163 |       ||   163
       Tailslap          |    11 |     2 ||    13
       Quarterstaff      |       |    64 ||    64
Invok: Berserk           |     1 |     1 ||     2
 Stab: Sleeping          |     1 |     1 ||     2
       Paralysed         |       |     2 ||     2
  Eat: Chunk             |     4 |     4 ||     8
       Bread ration      |       |     1 ||     1
Armor: Skin              |    27 |    19 ||    46
Dodge: Dodged            |    78 |    54 ||   132
